AoeStats
← lumos

Arena

508232595Analyzed
4v4 RM · 10d ago on Sep 21, 2026· 21m 48s· 8 players
Game mode
Random Map
Map size
Large (8 player)
Population
200
Speed
Normal
Resources
Standard
Victory
Conquest
Starting age
Dark Age
Ending age
Imperial Age
RankedLock teamsTeams togetherTeam positionsShared explorationLock speedFull tech treeHidden civsTurbo modeCheats
Victory
Defeat
🇦🇷 Franks · Argentina
1274
+15
🇨🇳 Bohemians · China
1225
+17
🇨🇳 Wu · China
1210
+18
🇨🇳 Vikings · China
1162
+21
🇫🇮 Britons · Finland
1302
-20
🇨🇳 Franks · China
1269
-18
🇭🇷 Gurjaras · Croatia
1239
-17
🇺🇸 Byzantines · United States
1207
-16
Revenant
11:00 Feudal Age
15:03 Castle Age
13:59 Double-Bit Axe
aged2
10:00 Feudal Age
13:51 Castle Age
12:06 Double-Bit Axe
15:30 Bow Saw
21:39 Wheelbarrow
subaru
10:21 Feudal Age
14:15 Castle Age
12:52 Double-Bit Axe
14:09 Stone Mining
14:31 Loom
monom song
4:59 Loom
9:31 Feudal Age
12:30 Double-Bit Axe
15:45 Castle Age
15:05 Gold Mining
16:21 Fletching
16:53 Bow Saw
17:32 Horse Collar
18:12 Crossbowman
20:45 Heavy Plow
SLAMCOW
8:14 Loom
10:00 Feudal Age
11:31 Double-Bit Axe
11:57 Horse Collar
17:41 Castle Age
16:10 Stone Mining
20:55 Bow Saw
SirBro
10:24 Feudal Age
14:47 Castle Age
12:36 Double-Bit Axe
12:38 Horse Collar
Melfish
2:01 Loom
10:13 Feudal Age
16:34 Castle Age
14:36 Double-Bit Axe
19:57 Scale Barding Armor
20:05 Bloodlines
20:01 Husbandry
lumos
9:55 Feudal Age
11:35 Loom
14:12 Castle Age
12:25 Double-Bit Axe
19:05 Bow Saw
Connection lost

Rejoining the realm…

Still unreachable

The connection could not be restored.

Session expired

The server has moved on; the page needs a fresh start.